Match 41532753
Unlisted

Match 41532753
End
Vickers Machine Gun Team
Construct Section Command Post
Construct Section Command Post
Selects Canadian Shock Battlegroup
Infantry Section
Infantry Section
Selects Attacking Spirit
Selects Canadian Shock Section
Canadian Shock Section
Canadian Shock Section
Selects Incendiary Munitions
Construct Field Infirmary
Construct Platoon Command Post
Selects Pyrotechnics
6-pounder Anti-tank Gun Team
Unlock Bishop Self-propelled Artillery
Bishop Self-propelled Artillery
Heileif
b0nna
T.R. Olvadi
KevinTDW
0
0

Comments sign in to comment!

No comments posted yet!